 Dungeon Crawl Stone Soup version 0.31-a0-233-g139696dc86 (webtiles) character file.

Game seed: 7568692404241869836

232 Midn8 the Conjurer (level 6, -7/41 HPs)
             Began as an Octopode Conjurer on July 10, 2023.
             Was a Believer of Jiyva.
             Mangled by Pikel
             ... wielding a +2 whip of freezing
              (11 damage)
             ... on level 6 of the Dungeon.
             The game lasted 00:08:01 (2910 turns).

Midn8 the Conjurer (Octopode Conjurer)              Turns: 2910, Time: 00:08:01

Health: -7/41      AC:  1    Str:  6    XL:     6   Next: 4%
Magic:  4/10       EV: 13    Int: 23    God:    Jiyva [**....]
Gold:   206        SH:  0    Dex: 10    Spells: 8/11 levels left

rFire   . . .        e - +6 dagger
rCold   . . .        (no shield)
rNeg    . . .        (helmet restricted)
rPois   .            (no amulet)
rElec   .            p - ring of see invisible
rCorr   +            (no ring)
SInv    +            (no ring)
Will    .....        (no ring)
Stlth   +++          (no ring)
HPRegen 1.22/turn    (no ring)
MPRegen 0.42/turn    (no ring)
                     (no ring)

%: no passive effects
@: no status effects
A: almost no armour, amphibious, 8 rings, camouflage 1, gelatinous body 1,
(nimble swimmer 1), tentacles
a: Renounce Religion


You were on level 6 of the Dungeon.
You worshipped Jiyva.
Jiyva was pleased with you.
You visited 1 branch of the dungeon, and saw 6 of its levels.

You collected 206 gold pieces.

Inventory:

Hand Weapons
 e - a +6 dagger (weapon)
 h - a +0 dagger
 l - a +3 quarterstaff of chaos
Missiles
 i - 5 poisoned darts
Jewellery
 p - a ring of see invisible (left tentacle)
Wands
 m - a wand of polymorph (7)
 q - a wand of digging (1)
Potions
 a - a potion of magic
 b - a potion of enlightenment
 c - 3 potions of curing
 d - a potion of brilliance {unknown}
 f - a potion of mutation {unknown}
 g - a potion of cancellation {unknown}
 j - 2 potions of lignification
 k - 2 potions of haste
 n - a potion of heal wounds {unknown}


   Skills:
 + Level 2.4 Fighting
 - Level 2.0 Dodging
 - Level 2.6 Stealth
 - Level 3.0 Spellcasting
 - Level 6.0 Conjurations


You had 8 spell levels left.
You knew the following spells:

 Your Spells              Type           Power      Damage    Failure   Level
a - Magic Dart            Conj           100%       1d8       1%          1
s - Searing Ray           Conj           62%        2d6       1%          2

Your spell library contained the following spells:

 Spells                   Type           Power      Damage    Failure   Level
 Dazzling Flash           Conj/Hex       34%        N/A       10%         3
 Fulminant Prism          Conj/Hex       8%         3d7       32%         4
 Iskenderun's Mystic Bla  Conj/Tloc      17%        2d5       32%         4


Dungeon Overview and Level Annotations

Branches:
Dungeon (6/15)
 Temple: D:4-7

Altars:
Gozag
Zin
Jiyva

Annotations:
D:5 Grinder
D:6 Pikel


Innate Abilities, Weirdness & Mutations

You cannot wear most types of armour.
You are amphibious.
You can wear up to eight rings at the same time.
Your skin changes colour to match your surroundings (Stealth+).
Your rubbery body absorbs attacks. (AC +1, EV +1)
((You are camouflaged when in or above water. (Stealth+)))
You have tentacles for arms and can constrict up to eight enemies at once.


Message History

Pikel says, "Antaeus said I was his favorite kobold.
Me!"
Pikel attacks as you move away!
Pikel hits you with a +2 whip of freezing.
Pikel freezes you.
You hear a distant slurping noise.
Casting: Searing Ray (safe; 1% risk of failure)
Confirm with . or Enter, or press ? or * to list all spells.
Aiming: Searing Ray (safe; 1% risk of failure)
Press: ? - help, Shift-Dir - straight line, f/p - Pikel
Aim: Pikel, wielding a +2 whip of freezing and wearing a +0 robe (lightly wounded, 74% to hit)
The searing ray misses Pikel.
The searing ray hits the lemure!
The lemure is almost dead. (Press . to maintain the ray.) Pikel hits you with a +2 whip of freezing!
Pikel freezes you.
The searing ray hits Pikel!
Pikel is moderately wounded.
The searing ray hits the lemure!
You kill the lemure!
That felt strangely unrewarding.
Pikel hits you with a +2 whip of freezing!
Pikel freezes you.
The searing ray hits Pikel.
Pikel is moderately wounded.
Pikel closely misses you.
The searing ray hits Pikel.
Pikel is heavily wounded.
You finish channelling your searing ray.
Pikel says, "Hell isn't that bad."
Pikel hits you with a +2 whip of freezing!
* * * LOW HITPOINT WARNING * * *
Pikel freezes you.
* * * LOW HITPOINT WARNING * * *
The lemure shouts!
You hit Pikel but do no damage. Your grab misses Pikel.
Your squeeze misses Pikel.
Pikel is heavily wounded.
You hear a shout!
Pikel hits you with a +2 whip of freezing!
You die...

#P.##### P..##...# #.....K..
#..#)..#######..##...####.#####..
#..#...#..'..#..##...##.5...5.5..
#..#'###.)#..#..###(###.#.####.#5
.......#'#####..# #.....#.# 5
.....⌠..........# #.....#.# 5
)###............# #.....#.#
.).#'##P.####...###5....#..
†..#†)#..#..#P..@K......###
...#..#..').#P..####....#
#######P.####...# #....# ......
.....# #....# ###..#######.#
#...... ...# #.# #....... #.##
#.# ....... ... #.# .#


You could see Pikel and a lemure.

Vanquished Creatures
  An ogre (D:3)
  A lemure (D:6)
  Crazy Yiuf (D:2)
  2 orc wizards (D:6)
  2 adders
  A white imp (D:3)
  A dart slug (D:3)
  5 orcs
  3 bats
  2 endoplasms (D:2)
  2 giant cockroaches
  5 goblins
  6 hobgoblins
  6 ball pythons
  3 frilled lizards
  4 kobolds
  6 rats
51 creatures vanquished.

Vanquished Creatures (others)
  An adder (D:6)
1 creature vanquished.

Grand Total: 52 creatures vanquished

Notes
Turn   | Place    | Note
-------+----------+-------------------------------------------
     0 | D:1      | Midn8 the Octopode Conjurer began the quest for the Orb.
     0 | D:1      | Reached XP level 1. HP: 11/11 MP: 3/3
   665 | D:1      | Reached XP level 2. HP: 17/17 MP: 3/5
   689 | D:1      | Learned a level 2 spell: Searing Ray
  1664 | D:2      | Found a faded altar of an unknown god.
  1668 | D:2      | Reached XP level 3. HP: 21/21 MP: 4/7
  1677 | D:2      | Prayed at the altar of an unknown god.
  1677 | D:2      | Became a worshipper of Jiyva Jamuceif the Shapeless
  1677 | D:2      | Reached * piety under Jiyva
  1826 | D:2      | Found a runed translucent door.
  1827 | D:2      | Noticed Crazy Yiuf
  1836 | D:2      | Killed Crazy Yiuf
  1916 | D:3      | Reached XP level 4. HP: 27/27 MP: 8/8
  1952 | D:3      | Reached skill level 5 in Conjurations
  1995 | D:3      | Noticed an ogre
  2003 | D:3      | Killed an ogre
  2004 | D:3      | Reached XP level 5. HP: 12/31 MP: 5/9
  2085 | D:3      | Identified the +0 ring mail of Entitlement {Will+ Str+3
                  | Int+5}
  2146 | D:3      | Reached skill level 6 in Conjurations
  2211 | D:3      | Reached ** piety under Jiyva
  2231 | D:3      | Found a glowing silver altar of Zin.
  2290 | D:3      | Found an opulent altar of Gozag.
  2635 | D:4      | You fall into a shaft and drop 2 floors!
  2666 | D:5      | Entered Level 5 of the Dungeon
  2671 | D:5      | Reached skill level 1 in Fighting
  2678 | D:5      | Noticed an ogre
  2678 | D:5      | Noticed a black bear
  2679 | D:5      | Noticed Grinder
  2770 | D:6      | Reached XP level 6. HP: 40/40 MP: 6/10
  2887 | D:6      | Noticed Pikel
  2910 | D:6      | Mangled by Pikel

Illustrated notes

Levels and vault maps discovered:
D:1:      giann_wishing_wells, layout_loops_ring
D:2:      layout_basic, hellmonk_ecumenical_altar_pennies_from_heaven,
          nrook_mini_vaults, uniq_crazy_yiuf_cottage
D:3:      layout_loops_cross, pdpol_temple_overflow_zin_treasury_gozag_greed
D:4:      cheibrodos_pilgrimage, layout_cave_pods, marbit_many_paths
D:5:      layout_cave_pools, mainiacjoe_overflow_alcove_4,
          lemuel_temple_firewalk_b, lightli_ossuary_entry_decrepit_ruins,
          serial_shops, nicolae_shop_window_shopping, uniq_grinder
D:6:      corexii_shack_village, layout_basic, uniq_sigmund, uniq_pikel,
          uniq_maggie, uniq_edmund, uniq_blork_the_orc

Skill      XL: |  1  2  3  4  5 |
---------------+----------------+-----
Spellcasting   | 3 |  3.0
Conjurations   | 5 6 |  6.0
Fighting       | 2 |  2.4
Dodging        | |  2.0
Stealth        | |  2.6

Action                     |  1- 3 |  4- 6 || total
---------------------------+-------+-------++-------
  Melee: Dagger            |     7 |    18 ||    25
         Tentacles         |     1 |     3 ||     4
         Constrict         |       |     3 ||     3
   Cast: Magic Dart        |    23 |    19 ||    42
         Searing Ray       |     1 |     6 ||     7
    Use: Scroll            |     4 |     5 ||     9
   Stab: Sleeping          |     3 |     4 ||     7
 Armour: Skin              |       |     1 ||     1
  Dodge: Dodged            |     6 |     9 ||    15

Table legend: (Time is in decaauts)
 A = Elapsed time spent in this place.
 B = Non-inter-level travel time spent in this place.
 C = Inter-level travel time spent in this place.
 D = Time resting spent in this place.
 E = Time spent auto-exploring this place.
 F = Levels seen in this place.
 G = Mean time per level.
                   A        B        C        D        E       F      G
               +--------+--------+--------+--------+--------+-----+--------+
         Total |   2909 |   2700 |    209 |    311 |   1489 |   6 |  484.8 |
       Dungeon |   2909 |   2700 |    209 |    311 |   1489 |   6 |  484.8 |
               +--------+--------+--------+--------+--------+-----+--------+

Top non-repeatable levels by time:
     D:2: 953 daAuts
     D:1: 927 daAuts
     D:3: 711 daAuts
     D:6: 261 daAuts
     D:4: 42 daAuts
     D:5: 13 daAuts
